 Dungeon Crawl Stone Soup version 0.22.1-2-g9c5b331383 (webtiles) character file.

65 Knorr the Sneak (level 4, -7/30 HPs)
             Began as an Octopode Assassin on Dec 30, 2018.
             Mangled by a gnoll
             ... wielding a +0 flail
              (9 damage)
             ... on level 4 of the Dungeon on Dec 31, 2018.
             The game lasted 00:13:03 (1638 turns).

Knorr the Sneak (Octopode Assassin)                 Turns: 1638, Time: 00:13:04

Health: -7/30      AC:  1    Str: 10    XL:     4   Next: 13%
Magic:  4/4        EV: 13    Int: 13    God:
Gold:   45         SH:  0    Dex: 14    Spells: 3/3 levels left

rFire    . . .     SeeInvis .   c - +0 dagger (venom)
rCold    . . .     Gourm    .   (no shield)
rNeg     . . .     Faith    .   (helmet restricted)
rPois    .         Spirit   .   (no amulet)
rElec    .         Reflect  .   (no ring)
rCorr    .         Harm     .   (no ring)
MR       .....                  (no ring)
Stlth    ++++......             (no ring)
HPRegen  0.10/turn              (no ring)
MPRegen  0.09/turn              (no ring)
                                (no ring)
                                (no ring)

@: drained
A: almost no armour, stealthy swim, amphibious, 8 rings, constrict 8, camouflage
1, gelatinous body 1
a: no special abilities


You were on level 4 of the Dungeon.
You were not hungry.

You visited 1 branch of the dungeon, and saw 4 of its levels.

You collected 45 gold pieces.

Inventory:

Hand Weapons
 a - a +1 whip of venom
 b - a +0 blowgun
 c - a +0 dagger of venom (weapon)
 n - a +2 rapier of draining
Missiles
 d - a curare-tipped needle
 i - 22 stones (quivered)
 l - 5 poisoned needles
Scrolls
 g - 2 scrolls of amnesia {unknown}
 k - a scroll of blinking {unknown}
 m - a scroll of identify {unknown}
Potions
 e - a potion of invisibility {unknown}
 h - a potion of brilliance {unknown}
 j - a potion of magic {unknown}
Comestibles
 f - a ration


   Skills:
 + Level 2.6(2.1) Fighting
 + Level 2.5(2.0) Short Blades
 + Level 2.5(2.0) Throwing
 + Level 1.8(1.3) Dodging
 + Level 5.9(5.3) Stealth


You had 3 spell levels left.
You didn't know any spells.
Your spell library was empty.

Dungeon Overview and Level Annotations

Branches:
Dungeon (4/15)
 Temple: D:4-7

Altars:


Innate Abilities, Weirdness & Mutations

You cannot wear most types of armour.
You are very stealthy in the water. (Stealth+)
You are amphibious.
You can wear up to eight rings at the same time.
You can use your tentacles to constrict eight enemies at once.
Your skin changes colour to match your surroundings (Stealth+).
Your rubbery body absorbs attacks. (AC +1, EV +1)


Message History

The gnoll shouts!
You hit the jackal.
The jackal looks as sick as possible!
Your grab misses the jackal. You squeeze the jackal.
You kill the jackal!
A gnoll shaman comes into view. It is wielding a club.
Things that are here:
a rapier of draining; a jackal corpse
n - a rapier of draining The gnoll hits you from afar with a spear.
* * * LOW HITPOINT WARNING * * *
A gnoll comes into view. It is wielding a flail.
A gnoll comes into view. It is wielding a club.
A gnoll comes into view. It is wielding a halberd.
A gnoll comes into view. It is wielding a club.
The gnoll hits you from afar with a spear!
* * * LOW HITPOINT WARNING * * *
The gnoll shouts!
You hear a shout!
You hear a distant blaring wail to the northwest.
The gnoll hits you with a flail!
You die...

'''#############...#≈≈....
...............#.g.#≈≈....
...≈g≈g≈≈≈≈≈≈≈≈#####≈≈....
...≈≈≈≈≈≈≈≈≈≈≈≈≈≈≈≈≈≈≈...†
...≈≈≈g≈≈≈≈≈≈≈≈≈≈≈≈≈≈≈....
..........g...............
.....#....####.#####†#####
####...gg.# #.# #.#
##.#..@####.# #.#
#....†.....# #.#####
###.<.###### #...... #...#
####### ....... ###.####s
#.# # #.# #.#


You could see a gnoll shaman (wandering) and 5 gnolls.

Vanquished Creatures
  A howler monkey skeleton (D:3)
  An adder (D:3)
  A gnoll (D:4)
  2 dart slugs (D:1)
  2 leopard geckos
  2 bats (D:1)
  A giant cockroach (D:1)
  2 goblins (D:1)
  7 jackals (D:4)
  8 kobolds
  4 rats (D:1)
  A plant (D:4)
32 creatures vanquished.

Notes
Turn   | Place    | Note
-------+----------+-------------------------------------------
     0 | D:1      | Knorr the Octopode Assassin began the quest for the Orb.
     0 | D:1      | Reached XP level 1. HP: 14/14 MP: 1/1
   390 | D:1      | Reached XP level 2. HP: 19/19 MP: 2/2
   735 | D:1      | Reached XP level 3. HP: 15/24 MP: 3/3
  1616 | D:4      | Reached XP level 4. HP: 11/30 MP: 4/4
  1638 | D:4      | Mangled by a gnoll

Action                   |  1- 3 |  4- 6 || total
-------------------------+-------+-------++-------
Melee: Dagger            |    57 |     3 ||    60
       Constrict         |    13 |       ||    13
       Tentacles         |    12 |     1 ||    13
 Fire: Blowgun           |    24 |       ||    24
Throw: Stone             |    20 |       ||    20
 Stab: Sleeping          |     1 |       ||     1
  Eat: Ration            |     1 |       ||     1
Armor: Skin              |     8 |       ||     8
Dodge: Dodged            |    95 |     3 ||    98
